 Dungeon Crawl Stone Soup version 0.20-a0 (webtiles) character file.

12779 tsouns the Frost Mage (level 11, -4/78 HPs)
             Began as a Demonspawn Ice Elementalist on Oct 26, 2016.
             Was a High Priest of Sif Muna.
             Slain by an orc warrior
             ... wielding a +2 long sword of electrocution
              (16 damage)
             ... on level 11 of the Dungeon on Oct 27, 2016.
             The game lasted 01:03:15 (12659 turns).

tsouns the Frost Mage (DsIE)                       Turns: 12659, Time: 01:03:16

Health: -4/78      AC: 10    Str:  9    XL:     11   Next: 66%
Magic:  17/23      EV: 13    Int: 23    God:    Sif Muna [*****.]
Gold:   483        SH:  0    Dex: 14    Spells: 5 memorised, 12 levels left

rFire  + + .     SeeInvis +     E - +2 halberd (flame)
rCold  . . .     Gourm    +     H - +3 leather armour {rF+}
rNeg   . . .     Faith    .     (shield currently unavailable)
rPois  .         Spirit   .     (helmet unavailable)
rElec  .         Reflect  .     (no cloak)
rCorr  .         Harm     .     (no gloves)
MR     .....                    s - +1 pair of boots {Stlth+}
Stlth  ++........               G - amulet of the gourmand
                                v - ring of loudness (curse)
                                f - +4 ring of intelligence

@: no status effects
A: antennae 3, icy blue scales 1, demonic guardian 2, fire resistance 1, wild
magic 1
a: Divine Energy, Channel Magic, Forget Spell, Renounce Religion


You were on level 11 of the Dungeon.
You worshipped Sif Muna.
Sif Muna was extremely pleased with you.
You were hungry.

You visited 2 branches of the dungeon, and saw 12 of its levels.
You also visited: Sewer.

You collected 519 gold pieces.
You spent 36 gold pieces at shops.

Inventory:

Hand Weapons
 d - a +1 spear of venom
 t - a +0 blowgun
 E - a +2 halberd of flaming (weapon)
Missiles
 h - 19 tomahawks (quivered)
Armour
 j - a cursed +0 buckler
 s - a +1 pair of boots of stealth (worn)
 H - a +3 leather armour of fire resistance (worn)
Magical Staves
 n - an uncursed staff of poison
Jewellery
 f - a +4 ring of intelligence (left hand)
 r - a +3 ring of evasion
 v - a cursed ring of loudness (right hand)
 z - an uncursed ring of stealth
 G - an amulet of the gourmand (around neck)
 I - an uncursed ring of ice
Wands
 i - a wand of flame (17/48)
 x - a wand of paralysis (0/24)
Scrolls
 a - 2 scrolls of amnesia
 b - a scroll of fear
 w - a scroll of recharging
 y - 3 scrolls of teleportation
 F - 4 scrolls of enchant weapon
Potions
 e - a potion of berserk rage
 g - a potion of resistance
 m - 4 potions of lignification
 p - 11 potions of curing
 q - a potion of haste
 u - 2 potions of mutation
 A - 2 potions of heal wounds
 B - 4 potions of agility
 C - 5 potions of flight
 D - 5 potions of brilliance
Books
 J - Sif Muna's Grimoire of the Equator
   (Sif Muna gifted it to you on level 10 of the Dungeon)

   Spells                             Type                      Level
   a - Call Imp                       Summoning                    2
   b - Throw Icicle                   Conjuration/Ice              4
   c - Ice Form                       Ice/Transmutation            4
   d - Metabolic Englaciation         Hexes/Ice                    5
   e - Spellforged Servitor           Conjuration/Summoning        7
   f - Haunt                          Necromancy/Summoning         7
   g - Summon Horrible Things         Summoning                    8
Comestibles
 c - 7 bread rations
 l - 7 meat rations
 o - 10 royal jellies
 M - a beef jerky


   Skills:
 + Level 4.7 Fighting
 + Level 5.3 Polearms
 - Level 3.1 Armour
 + Level 3.6 Dodging
 - Level 3.2 Stealth
 + Level 8.4 Spellcasting
 + Level 7.1 Conjurations
 - Level 1.0 Charms
 - Level 5.0 Summonings
 + Level 9.3 Ice Magic
 - Level 4.4 Invocations


You had 12 spell levels left.
You knew the following spells:

 Your Spells              Type           Power        Failure   Level  Hunger
a - Freeze                Ice            ####         1%          1    None
b - Throw Frost           Conj/Ice       ######       1%          2    None
c - Ozocubu's Armour      Chrm/Ice       #####...     6%          3    None
d - Throw Icicle          Conj/Ice       ######..     6%          4    ##.....
e - Summon Ice Beast      Ice/Summ       ######..     10%         4    ##.....


Dungeon Overview and Level Annotations

Branches:
Dungeon (11/15)            Temple (1/1) D:5            Lair (0/6) D:11
    Orc: D:9-12

Altars:
Ashenzari
Cheibriados
Dithmenos
Elyvilon
Fedhas
Gozag
Hepliaklqana
Kikubaaqudgha
Makhleb
Nemelex Xobeh
Okawaru
Qazlal
Ru
Sif Muna
Trog
Uskayaw
Vehumet
Xom
Yredelemnul
Zin
The Shining One

Shops:
D:8 *   D:10 }

Annotations:
D:3 Grinder


Innate Abilities, Weirdness & Mutations

You have a pair of large antennae on your head. (SInv)
You are partially covered in icy blue scales. (AC +2)
A demonic guardian rushes to your aid.
Your flesh is heat resistant. (rF+)
Your spells are a little harder to cast, but a little more powerful.


Message History

Aim: an orc warrior, wielding a long sword of electrocution and wearing a chain mail You freeze the orc warrior.
The orc warrior is moderately wounded.
The orc warrior barely misses you.
Your ice beast hits the orc warrior but does no damage.
Casting: Freeze
Confirm with . or Enter, or press ? or * to list all spells.
Aiming: Freeze
Press: ? - help, Shift-Dir - straight line, f/p - orc warrior
Aim: an orc warrior, wielding a long sword of electrocution and wearing a chain mail (moderately wounded)
You freeze the orc warrior.
The orc warrior is moderately wounded.
The orc warrior hits you with a long sword of electrocution!
* * * LOW HITPOINT WARNING * * *
You are electrocuted!
* * * LOW HITPOINT WARNING * * *
Your ice beast closely misses the orc warrior.
You feel better. Something hits your ice beast.
The orc warrior hits you with a long sword of electrocution!
You die...

...)........................#
.............................
#####...#.....#.....#.....#..
##....#.###.#.###.#.###.# .
##.....#.....#....†#.....#
##...#.....#..).(#.....# ..
.....#.###.#(###(#.###.#....
.....#.....#.....#.....#...
..#.....#...)(#.@...#.....)
..#.###.#.###.#o###.#......
..#.....#.....#Y{...#...###
.....#.....#.....#.....##
.###.#.###.#.###.#....##
.....#.....#...{{#....#
..............{.......#
...................#..# #[..
(.........)KK.........#######....


You could see an orc warrior and a friendly ice beast.

Vanquished Creatures
  Pikel (D:5)
  2 ugly things (D:11)
  An oklob plant (D:7)
  A troll (D:9)
  A hippogriff (D:10)
  A wraith (D:11)
  7 yaks
  A hungry ghost (D:11)
  Edmund (D:5)
  Duvessa (D:5)
  4 ice beasts
  2 orc warriors (D:8)
  A black bear (D:6)
  A phantom (D:9)
  Purgy (D:3)
  6 sky beasts
  2 ogres
  6 centaurs
  A crocodile (D:7)
  5 big kobolds
  6 bullfrogs
  Dowan (D:5)
  2 scorpions
  6 killer bees (D:5)
  2 howler monkeys (D:9)
  6 crimson imps
  2 bullfrog zombies
  2 centaur zombies
  5 hounds
  10 jellies
  3 bullfrog skeletons
  A centaur skeleton (D:4)
  7 orc priests
  10 orc wizards
  Ijyb (D:2)
  3 iguanas
  8 worker ants
  A hound zombie (D:10)
  A mummy (D:5)
  2 worker ant zombies
  A howler monkey skeleton (D:6)
  17 adders
  10 gnolls
  8 river rats
  10 oozes
  2 worms
  8 leopard geckos
  43 orcs
  8 ball pythons
  5 giant cockroaches
  6 goblins
  8 hobgoblins
  4 jackals (D:2)
  4 quokkas
  7 bats
  6 frilled lizards
  A jackal skeleton (D:6)
  28 kobolds
  2 leopard gecko zombies
  A quokka skeleton (D:4)
  31 rats
335 creatures vanquished.

Vanquished Creatures (collateral kills)
  6 hill giants
  An ugly thing (D:11)
  A cyclops (D:11)
  A centaur zombie (D:11)
  8 yaks
  Menkaure (D:7)
  A howler monkey (D:9)
  A jelly (D:7)
  A worker ant (D:11)
  10 oozes (D:7)
  A leopard gecko (D:11)
  5 orcs
  A frilled lizard (D:5)
  A kobold (D:11)
39 creatures vanquished.

Vanquished Creatures (others)
  A wyvern zombie (D:9)
  An orc priest (D:5)
  2 orcs (D:5)
  6 fungi (D:7)
10 creatures vanquished.

Grand Total: 384 creatures vanquished

Notes
Turn   | Place    | Note
-------+----------+-------------------------------------------
     0 | D:1      | tsouns the Demonspawn Ice Elementalist began the quest for the Orb.
     0 | D:1      | Reached XP level 1. HP: 13/13 MP: 3/3
   202 | D:1      | Reached skill level 3 in Ice Magic
   236 | D:1      | Gained mutation: A weak demonic guardian rushes to your aid. [demonic ancestry]
   236 | D:1      | Reached XP level 2. HP: 10/19 MP: 0/5
  1061 | D:2      | Gained mutation: You have a pair of small antennae on your head. [demonic ancestry]
  1061 | D:2      | Reached XP level 3. HP: 18/24 MP: 2/6
  1117 | D:2      | Noticed Ijyb
  1128 | D:2      | Killed Ijyb
  1286 | D:2      | Reached XP level 4. HP: 22/30 MP: 2/8
  1321 | D:2      | Learned a level 2 spell: Throw Frost
  1325 | D:2      | Learned a level 3 spell: Ozocubu's Armour
  1390 | D:2      | Reached skill level 4 in Ice Magic
  1565 | D:2      | Gained mutation: Your spells are a little harder to cast, but a little more powerful. [potion of beneficial mutation]
  1890 | D:2      | Gained mutation: Your flesh is heat resistant. (rF+) [demonic ancestry]
  1890 | D:2      | Reached XP level 5. HP: 27/35 MP: 7/9
  2026 | D:2      | You fall through a shaft for 2 floors!
  2043 | D:4      | Reached skill level 1 in Charms
  2421 | D:3      | Noticed Grinder
  2802 | D:3      | Learned a level 4 spell: Throw Icicle
  3126 | D:3      | Noticed Purgy
  3136 | D:3      | Killed Purgy
  3136 | D:3      | Gained mutation: You are partially covered in icy blue scales. (AC +2) [demonic ancestry]
  3136 | D:3      | Reached XP level 6. HP: 29/41 MP: 3/11
  3475 | D:4      | Reached skill level 5 in Ice Magic
  3609 | D:4      | Found a blossoming altar of Fedhas.
  3758 | D:5      | Entered Level 5 of the Dungeon
  3758 | D:5      | Found a staircase to the Ecumenical Temple.
  3771 | Temple   | Entered the Ecumenical Temple
  3811 | Temple   | Became a worshipper of Sif Muna the Loreminder
  3878 | D:5      | Noticed a sky beast
  3887 | D:5      | Killed a sky beast
  3887 | D:5      | Gained mutation: You have a pair of antennae on your head. [demonic ancestry]
  3887 | D:5      | Reached XP level 7. HP: 38/46 MP: 6/12
  3942 | D:5      | Found a glowing drain.
  3979 | Sewer    | Entered a sewer
  4286 | Sewer    | Reached * piety under Sif Muna
  4702 | D:5      | Learned a level 4 spell: Summon Ice Beast
  4890 | D:5      | Found a basalt altar of Yredelemnul.
  4892 | D:5      | Reached skill level 1 in Summonings
  5035 | D:5      | Reached XP level 8. HP: 38/53 MP: 0/14
  5039 | D:5      | Reached skill level 1 in Fighting
  5040 | D:5      | Reached skill level 1 in Polearms
  5184 | D:5      | Noticed Dowan
  5194 | D:5      | Killed Dowan
  5237 | D:5      | Reached skill level 6 in Ice Magic
  5499 | D:5      | Noticed Duvessa
  5524 | D:5      | Killed Duvessa
  5555 | D:5      | Reached ** piety under Sif Muna
  5701 | D:5      | Noticed Pikel
  5717 | D:5      | Killed Pikel
  5717 | D:5      | Reached skill level 5 in Spellcasting
  5717 | D:5      | Reached skill level 5 in Conjurations
  5801 | D:5      | Reached XP level 9. HP: 35/61 MP: 6/17
  5910 | D:5      | Found a shadowy altar of Dithmenos.
  5932 | D:5      | Reached *** piety under Sif Muna
  6122 | D:5      | Noticed Edmund
  6133 | D:5      | Killed Edmund
  6324 | D:6      | Found an iron altar of Okawaru.
  6476 | D:6      | Reached skill level 7 in Ice Magic
  6943 | D:7      | Noticed an oklob plant
  7225 | D:7      | Killed an oklob plant
  7225 | D:7      | Reached **** piety under Sif Muna
  7225 | D:7      | Reached skill level 5 in Summonings
  7457 | D:7      | Reached skill level 1 in Invocations
  7475 | D:7      | Identified a -3 rod of ignition (10/10) (You found it on level 7 of the Dungeon)
  7620 | D:7      | Noticed Menkaure
  7627 | D:7      | Killed Menkaure
  7627 | D:7      | Reached skill level 1 in Armour
  8006 | D:8      | Found Juhe's General Store.
  8015 | D:8      | Bought a potion of curing for 36 gold pieces
  8340 | D:8      | Gained mutation: You have a pair of large antennae on your head. (SInv) [demonic ancestry]
  8340 | D:8      | Reached XP level 10. HP: 63/68 MP: 13/20
  9959 | D:9      | Found a stormy altar of Qazlal.
  9986 | D:9      | Found a bloodstained altar of Trog.
  9991 | D:9      | Found a glowing silver altar of Zin.
 10123 | D:9      | Reached skill level 8 in Ice Magic
 10477 | D:10     | Entered Level 10 of the Dungeon
 10581 | D:10     | Found a shadowy altar of Dithmenos.
 11105 | D:10     | Noticed a hill giant
 11111 | D:10     | Killed a hill giant
 11111 | D:10     | Reached ***** piety under Sif Muna
 11137 | D:10     | Found Haomazet's Gadget Boutique.
 11234 | D:10     | Gained mutation: A demonic guardian rushes to your aid. [demonic ancestry]
 11234 | D:10     | Reached XP level 11. HP: 46/75 MP: 2/22
 11254 | D:10     | Identified Sif Muna's Grimoire of the Equator (Sif Muna gifted it to you on level 10 of the Dungeon)
 11254 | D:10     | Received a gift from Sif Muna
 12040 | D:10     | Noticed a hill giant
 12044 | D:10     | Killed a hill giant
 12104 | D:11     | Upgraded the game from 0.19-a0-1937-g70ed36a to 0.20-a0
 12106 | D:11     | Noticed a hill giant
 12109 | D:11     | Noticed a green ugly thing
 12111 | D:11     | Killed a hill giant
 12115 | D:11     | Killed a green ugly thing
 12115 | D:11     | Reached skill level 9 in Ice Magic
 12121 | D:11     | Found a staircase to the Lair.
 12178 | D:11     | Noticed a red ugly thing
 12189 | D:11     | Killed a red ugly thing
 12227 | D:11     | Reached skill level 5 in Polearms
 12415 | D:11     | Noticed a hill giant
 12419 | D:11     | Killed a hill giant
 12429 | D:11     | Noticed a cyan ugly thing
 12437 | D:11     | Killed a cyan ugly thing
 12530 | D:11     | Noticed a hill giant
 12534 | D:11     | Killed a hill giant
 12606 | D:11     | Noticed a hill giant
 12609 | D:11     | Killed a hill giant
 12659 | D:11     | Slain by an orc warrior

Vault maps used:
D:1:      ncdulo_halloftheorcs, wad_floor_pattern_2
D:2:      minmay_unequal, uniq_iyjb
D:3:      first_bread, uniq_purgy, uniq_grinder
D:4:      marbit_many_paths, lemuel_old_faithful
D:5:      lemuel_crystal_altar, gup_ossuary_entry_pyramid, portal_sewer_entry_b,
          nicolae_dithmenos_the_darkroom, uniq_edmund, uniq_pikel, uniq_duvessa
D:6:      basic_altar
D:7:      lemuel_slime, uniq_menkaure
D:8:      serial_shops, kennysheep_little_box
D:9:      minitemple, hangedman_little_slice_of_home
D:10:     serial_shops, shop_statue, lemuel_centaur_altar
D:11:     hangedman_cross_stitches, david_orc_3, minmay_unpleasant_kobolds
Temple:   nicolae_temple_x_marks_the_god
Sewer:    sewer_minmay_treatment

Skill      XL: |  1  2  3  4  5  6  7  8  9 10 11 |
---------------+----------------------------------+-----
Ice Magic      | 3 4 5 6 7 8 9 |  9.3
Spellcasting   | 3 4 5 6 7 8 |  8.4
Charms         | 1 |  1.0
Stealth        | 2 3 |  3.2
Conjurations   | 2 3 4 5 6 7 |  7.1
Summonings     | 1 3 5 |  5.0
Fighting       | 2 3 4 |  4.7
Polearms       | 1 4 5 |  5.3
Invocations    | 2 4 |  4.4
Armour         | 1 3 |  3.1
Dodging        | 3 |  3.6

Action                   |  1- 3 |  4- 6 |  7- 9 | 10-12 || total
-------------------------+-------+-------+-------+-------++-------
Melee: Mace              |     3 |       |       |       ||     3
       Dagger            |     7 |     9 |       |       ||    16
       Spear             |       |    56 |   243 |       ||   299
       Staff             |       |     4 |       |       ||     4
       Halberd           |       |       |    45 |   187 ||   232
 Fire: Shortbow          |       |       |    49 |       ||    49
 Cast: Freeze            |    41 |    79 |   153 |   147 ||   420
       Throw Frost       |       |    14 |    50 |    81 ||   145
       Ozocubu's Armour  |       |     1 |       |     1 ||     2
       Summon Ice Beast  |       |       |     6 |     2 ||     8
       Throw Icicle      |       |       |       |    15 ||    15
Evoke: Wand              |       |       |     4 |       ||     4
  Use: Scroll            |       |    11 |    13 |     6 ||    30
       Potion            |       |     1 |     1 |     6 ||     8
 Stab: Distracted        |     1 |       |       |     2 ||     3
       Sleeping          |       |     8 |    21 |     7 ||    36
  Eat: Chunk             |     1 |     9 |    11 |    28 ||    49
       Beef jerky        |       |       |     1 |     1 ||     2
       Fruit             |       |       |     3 |       ||     3
       Pizza             |       |       |     1 |       ||     1
Armor: Robe              |     4 |    17 |    22 |     9 ||    52
       Leather armour    |       |       |    43 |    78 ||   121
Dodge: Dodged            |    22 |    80 |   254 |   237 ||   593
